 Dungeon Crawl Stone Soup version 0.20.0-15-g7f486f2 (webtiles) character file.

63 mike2R the Chopper (level 3, -1/30 HPs)
             Began as a Minotaur Warper on June 12, 2017.
             Slain by a gnoll (6 damage)
             ... on level 1 of the Dungeon.
             The game lasted 00:07:13 (1566 turns).

mike2R the Chopper (Minotaur Warper)                Turns: 1566, Time: 00:07:14

Health: -1/30      AC:  6    Str: 15    XL:     3   Next: 89%
Magic:  4/4        EV: 11    Int: 11    God:
Gold:   56         SH:  0    Dex:  9    Spells: 2/4 levels left

rFire    . . .     SeeInvis .   a - +0 hand axe
rCold    . . .     Gourm    .   (no shield)
rNeg     . . .     Faith    .   q - +0 ring mail (curse)
rPois    .         Spirit   .   (helmet restricted)
rElec    .         Reflect  .   x - +0 cloak (curse)
rCorr    .         Harm     .   (no gloves)
MR       .....                  (no boots)
Stlth    ..........             (no amulet)
Regen    0.1/turn               (no ring)
MPRegen  0.1/turn               (no ring)

@: no status effects
A: retaliatory headbutt, horns 2
a: no special abilities


You were on level 1 of the Dungeon.
You were not hungry.

You visited 1 branch of the dungeon, and saw 2 of its levels.

You collected 56 gold pieces.

Inventory:

Hand Weapons
 a - a +0 hand axe (weapon)
 g - a +0 hunting sling
Missiles
 e - 5 tomahawks of dispersal (quivered)
 j - 67 arrows
 o - 34 bolts
 s - 37 stones
Armour
 q - a cursed +0 ring mail (worn)
 x - a cursed +0 cloak (worn)
Scrolls
 d - a scroll of blinking
 k - 4 scrolls of teleportation {unknown}
 n - a scroll of identify {unknown}
 p - 2 scrolls of remove curse {unknown}
 r - a scroll of magic mapping {unknown}
 v - a scroll of amnesia {unknown}
Potions
 h - 3 potions of agility {unknown}
 t - a potion of berserk rage {unknown}
 u - a potion of might {unknown}
 w - a potion of haste {unknown}
Books
 c - a book of Spatial Translocations

   Spells                             Type                      Level
   a - Blink                          Translocation                2
   b - Shroud of Golubria             Charms/Translocation         2
   c - Lesser Beckoning               Translocation                3
   d - Gell's Gravitas                Translocation                3
   e - Teleport Other                 Translocation                3
   f - Passage of Golubria            Translocation                4
Comestibles
 f - 2 bread rations
 i - a chunk of flesh
 m - 2 royal jellies


   Skills:
 - Level 2.4 Fighting
 + Level 4.2 Axes
 - Level 1.0 Throwing
 - Level 1.2 Armour
 - Level 2.1 Dodging
 - Level 1.3 Spellcasting
 - Level 2.9 Translocations


You had 2 spell levels left.
You knew the following spells:

 Your Spells              Type           Power        Failure   Level  Hunger
a - Blink                 Tloc           N/A          26%         2    ###....


Dungeon Overview and Level Annotations

Branches:
Dungeon (2/15)

Altars:


Innate Abilities, Weirdness & Mutations

You reflexively headbutt those who attack you in melee.
You have a pair of horns on your head.


Message History

You are too injured to fight recklessly!
You are too injured to fight recklessly!
You slash the gnoll!
The gnoll is almost dead.
The gnoll hits you but does no damage.
You barely miss the gnoll. Your headbutt misses the gnoll.
The gnoll is almost dead.
The gnoll closely misses you.
You hit the gnoll but do no damage.
The gnoll is almost dead.
The gnoll hits you.
* * * LOW HITPOINT WARNING * * *
The gnoll hits you!
* * * LOW HITPOINT WARNING * * *
Casting: Blink
Confirm with . or Enter, or press ? or * to list all spells.
You blink.
There is a stone staircase leading down here.
The gnoll hits you.
You die...

#.).....+...####.##.###'###
#.......####.....##.......#
#####......#.###..........#
######.#.#.#.#####....#
#####...#.....#..#.......#
#.....#.###.#.#..#.#######
#.....#.....#....#.#######
#.............##.#.......#
#.....#.g@.>..............
####..#.###.#....#..#....#
#..#.###...............
#####..#.#.....#...........
#........#.#.....##........
#........#.#......+........
#........#.########...)....
#........#...######........
#........#.................


You could see a gnoll.

Vanquished Creatures
  2 gnolls (D:2)
  An adder (D:2)
  An ooze (D:1)
  A dart slug (D:2)
  A ball python (D:2)
  2 giant cockroaches
  2 goblins
  7 hobgoblins
  5 bats
  2 frilled lizards
  3 kobolds
  2 rats
29 creatures vanquished.

Notes
Turn   | Place    | Note
-------+----------+-------------------------------------------
     0 | D:1      | mike2R the Minotaur Warper began the quest for the Orb.
     0 | D:1      | Reached XP level 1. HP: 18/18 MP: 1/1
   175 | D:1      | Reached skill level 3 in Axes
   175 | D:1      | Reached XP level 2. HP: 7/25 MP: 3/3
   179 | D:1      | Learned a level 2 spell: Blink
  1101 | D:2      | Reached XP level 3. HP: 30/30 MP: 4/4
  1461 | D:2      | Reached skill level 4 in Axes
  1523 | D:1      | HP: 1/30 [gnoll (7)]
  1566 | D:1      | Slain by a gnoll

Skill      XL: |  1  2  3 |
---------------+----------+-----
Axes           | 3 4 |  4.2
Fighting       | |  2.4
Throwing       | |  1.0
Armour         | |  1.2
Dodging        | |  2.1
Spellcasting   | |  1.3
Translocations | |  2.9

Action                   || total
-------------------------++-------
Melee: Hand axe          ||    95
       Headbutt          ||     9
 Cast: Blink             ||     3
  Eat: Chunk             ||     2
Armor: Leather armour    ||     8
       Ring mail         ||    30
Dodge: Dodged            ||    46
